 Dungeon Crawl Stone Soup version 0.28-a0-1395-g4f6bc678fa (webtiles) character file.

Game seed: 1295572079665875835

3745 Decritt the Fighter (level 9, -1/86 HPs)
             Began as a Minotaur Fighter on Jan 4, 2022.
             Was a Priest of Okawaru.
             Slain by a death yak (18 damage)
             ... on level 7 of the Dungeon.
             The game lasted 00:13:49 (9081 turns).

Decritt the Fighter (Minotaur Fighter)              Turns: 9081, Time: 00:13:49

Health: -1/86      AC: 10    Str: 25    XL:     9   Next: 93%
Magic:  10/10      EV: 10    Int:  5    God:    Okawaru [***...]
Gold:   314        SH:  5    Dex: 10    Spells: 8/8 levels left

rFire   . . .      SeeInvis .   a - +9 mace "Apnikle" {vorpal, Fly}
rCold   . . .      Faith    .   c - +0 buckler
rNeg    + . .      Spirit   .   v - +0 chain mail
rPois   .          Reflect  .   (helmet restricted)
rElec   .          Harm     .   (no cloak)
rCorr   .          Rampage  .   (no gloves)
Will    .....                   (no boots)
Stlth   ..........              (no amulet)
HPRegen 0.24/turn               u - ring of flight
MPRegen 0.12/turn               b - ring of positive energy

@: about to teleport, flying
A: horns 2, retaliatory headbutt
a: Renounce Religion, Heroism


You were on level 7 of the Dungeon.
You worshipped Okawaru.
Okawaru was most pleased with you.
You visited 2 branches of the dungeon, and saw 9 of its levels.
You also visited: Sewer.

You collected 314 gold pieces.

Inventory:

Hand Weapons
 a - the +9 mace "Apnikle" (weapon) {vorpal, Fly}
   (You found it on level 5 of the Dungeon)

   It inflicts extra damage upon your enemies.
   Fly:       It grants you flight.
Armour
 c - a +0 buckler (worn)
 v - a +0 chain mail (worn)
Jewellery
 b - a ring of positive energy (right hand)
 u - a ring of flight (left hand)
Wands
 q - a wand of acid (11)
Scrolls
 j - 2 scrolls of fear
 n - 4 scrolls of teleportation
 o - a scroll of fog
 s - a scroll of magic mapping
Potions
 d - 4 potions of might
 e - 4 potions of flight
 f - a potion of magic {unknown}
 g - 2 potions of invisibility
 h - 4 potions of curing
 i - 2 potions of lignification
 k - a potion of attraction {unknown}
 l - 2 potions of mutation {unknown}
 m - a potion of resistance {unknown}
 p - a potion of ambrosia {unknown}
 w - 2 potions of brilliance


   Skills:
 * Level 10.3 Fighting
 + Level 8.6 Axes
 + Level 8.1 Armour
 + Level 5.7 Dodging
 - Level 5.8 Shields
 + Level 3.1 Invocations


You had 8 spell levels left.
You didn't know any spells.
Your spell library contained the following spells:

 Spells                   Type           Power      Damage    Failure   Level
 Conjure Flame            Conj/Fire      0%         6-21      100%        3
 Gell's Gravitas          Tloc           0%         N/A       100%        3
 Ignite Poison            Fire/Tmut/Pois 0%         N/A       100%        3
 Portal Projectile        Hex/Tloc       0%         N/A       100%        3
 Teleport Other           Tloc           0%         N/A       100%        3
 Leda's Liquefaction      Hex/Erth       0%         N/A       100%        4
 Sticky Flame             Conj/Fire      0%         2d3       100%        4
 Dispersal                Tloc           0%         N/A       100%        6
 Call Canine Familiar     Summ           Unusable   N/A       N/A         3

Dungeon Overview and Level Annotations

Branches:
Dungeon (8/15)             Temple (1/1) D:5            Lair (0/6) D:8
  Sewer (visited)

Altars:
Cheibriados
Dithmenos
Elyvilon
Fedhas
Gozag
Hepliaklqana
Kikubaaqudgha
Makhleb
Nemelex Xobeh
Okawaru
Qazlal
Ru
Sif Muna
Trog
Uskayaw
Vehumet
Xom
Yredelemnul
Zin
The Shining One


Innate Abilities, Weirdness & Mutations

You have a pair of horns on your head.
You reflexively headbutt those who attack you in melee.


Message History

You kill the kobold!
Unknown command.
No target in view!
Unknown command.
No target in view!
You start resting.
Magic restored.
You start resting.
HP restored.
You fly downwards.
The death yak bellows!
You block the death yak's attack.
The death yak gores you but does no damage.
A death yak comes into view.
You block the death yak's attack. You block the kobold's attack.
The death yak barely misses you. The death yak gores you!
There is a stone staircase leading up, spattered with blood here.
The death yak bellows!
The death yak gores you but does no damage.
The death yak gores you. The kobold misses you. You furiously retaliate!
You headbutt the kobold, but do no damage.
The death yak gores you! x2
* * * LOW HITPOINT WARNING * * *
You fly upwards.
There is a stone staircase leading down, spattered with blood here.
You sock the death yak!
The death yak is lightly wounded.
The death yak snorts and paws the ground.
The death yak gores you!
* * * LOW HITPOINT WARNING * * *
The death yak gores you.
* * * LOW HITPOINT WARNING * * *
The death yak gores you!!
* * * LOW HITPOINT WARNING * * *
The death yak closely misses you. You furiously retaliate!
You headbutt the death yak, but do no damage.
Unknown command.
As you read the scroll of teleportation, it crumbles to dust.
You feel strangely unstable. The death yak gores you!!
You die...

### #.. #.. ####### #..
########.....###..
#@YY...)..........
####Y######......##..
#...KY..# #..........
###.......# ###......#.
#.........# #....####
#.#..(....#####....#.#.
####.<.##.......#######...
#......##.................
####...#####...##########.


You could see 4 death yaks and a kobold.

Vanquished Creatures
  A death yak (D:7)
  Grinder (Sewer)
  2 water moccasins (D:7)
  2 sky beasts
  2 ogres
  A necrophage (D:6)
  2 ice beasts
  A phantom (D:6)
  3 centaurs
  2 kobold brigands
  2 bullfrogs (D:7)
  5 scorpions
  A water moccasin zombie (D:5)
  A water moccasin skeleton (D:7)
  4 wights (D:7)
  A centaur zombie (D:5)
  3 jellies
  2 quasits (Sewer)
  3 bullfrog skeletons
  3 hounds (D:4)
  2 orc priests
  A centaur skeleton (D:7)
  4 iguanas
  4 orc wizards
  Natasha (thrice) (D:2)
  A howler monkey zombie (D:7)
  3 gnolls (D:4)
  A howler monkey skeleton (D:7)
  4 adders
  2 river rats (D:3)
  2 shadow imps (Sewer)
  4 ufetubi
  2 worms (D:3)
  An adder skeleton (D:4)
  A dart slug (D:1)
  27 orcs
  6 bats
  4 endoplasms
  9 giant cockroaches
  7 goblins
  3 hobgoblins
  4 quokkas
  8 ball pythons
  3 frilled lizards
  20 kobolds
  A kobold zombie (Sewer)
  6 rats
175 creatures vanquished.

Vanquished Creatures (others)
  A kobold zombie (Sewer)
1 creature vanquished.

Grand Total: 176 creatures vanquished

Notes
Turn   | Place    | Note
-------+----------+-------------------------------------------
     0 | D:1      | Decritt the Minotaur Fighter began the quest for the Orb.
     0 | D:1      | Reached XP level 1. HP: 19/19 MP: 0/0
   167 | D:1      | Reached XP level 2. HP: 27/27 MP: 1/1
   570 | D:1      | Reached skill level 4 in Fighting
   591 | D:1      | Reached XP level 3. HP: 27/33 MP: 2/2
   915 | D:2      | Noticed Natasha
   920 | D:2      | Killed Natasha
  1046 | D:2      | Reached XP level 4. HP: 34/40 MP: 3/3
  1195 | D:2      | Noticed Natasha
  1204 | D:2      | Killed Natasha
  1355 | D:2      | Noticed Natasha
  1363 | D:2      | Killed Natasha
  1550 | D:3      | Reached XP level 5. HP: 34/47 MP: 4/4
  1564 | D:3      | Found a glowing drain.
  1568 | Sewer    | Entered a sewer
  2083 | Sewer    | Found a burning altar of Makhleb.
  2098 | Sewer    | Reached skill level 5 in Fighting
  2098 | Sewer    | Reached skill level 1 in Dodging
  2121 | Sewer    | Reached skill level 5 in Shields
  2121 | Sewer    | Reached XP level 6. HP: 16/56 MP: 5/5
  2539 | Sewer    | Noticed Grinder
  2549 | Sewer    | Killed Grinder
  2550 | Sewer    | Reached skill level 5 in Axes
  2550 | Sewer    | Reached skill level 5 in Armour
  2550 | Sewer    | Reached XP level 7. HP: 52/62 MP: 6/6
  3845 | D:4      | Reached skill level 6 in Fighting
  4872 | D:5      | Entered Level 5 of the Dungeon
  4898 | D:5      | Reached skill level 7 in Fighting
  4898 | D:5      | Reached XP level 8. HP: 73/73 MP: 7/7
  4925 | D:5      | Found a staircase to the Ecumenical Temple.
  4939 | Temple   | Entered the Ecumenical Temple
  5046 | Temple   | Became a worshipper of Warmaster Okawaru
  5797 | D:5      | Identified the +9 mace "Apnikle" {vorpal, Fly}
  5883 | D:5      | Found a white marble altar of Elyvilon.
  6281 | D:5      | Found a stormy altar of Qazlal.
  6328 | D:5      | Found a shadowy altar of Dithmenos.
  6524 | D:6      | Reached skill level 8 in Fighting
  6600 | D:6      | Reached * piety under Okawaru
  7053 | D:6      | Reached XP level 9. HP: 82/82 MP: 8/8
  7604 | D:6      | Reached skill level 1 in Invocations
  7734 | D:6      | Reached skill level 9 in Fighting
  8345 | D:7      | Reached ** piety under Okawaru
  8346 | D:7      | Reached skill level 5 in Dodging
  8420 | D:7      | Found a hide-covered altar of Uskayaw.
  8869 | D:8      | Noticed a death yak
  8869 | D:8      | Noticed a death yak
  8869 | D:8      | Found a staircase to the Lair.
  8870 | D:8      | Noticed a death yak
  8871 | D:8      | Noticed a death yak
  8871 | D:8      | Noticed a death yak
  8873 | D:8      | Noticed a death yak
  8882 | D:7      | Killed a death yak
  8882 | D:7      | Reached *** piety under Okawaru
  8883 | D:7      | Reached skill level 10 in Fighting
  9077 | D:8      | Noticed a death yak
  9081 | D:7      | Slain by a death yak

Illustrated notes

Levels and vault maps discovered:
D:1:      onia_arrival_mini_spirals, layout_rooms
D:2:      layout_rooms, minmay_stone_trees_medium, uniq_natasha
D:3:      layout_basic, gup_sewer_entry_spiral
D:4:      layout_loops_ring, nicolae_underground_beach
D:5:      layout_basic, elyvilon_altar_1, nicolae_qazlal_eye_of_the_storm,
          mainiacjoe_overflow_surrounded_room, minmay_temple_entry_arrows,
          skrybe_limestone_x
D:6:      layout_basic, lemuel_flamethrower_2
D:7:      layout_basic, mainiacjoe_overflow_boulevard,
          nicolae_figureground_sparkle
D:8:      layout_rooms, dpeg_lair_monsters
Temple:   regret_index_temple_sphere_string

Skill      XL: |  1  2  3  4  5  6  7  8  9 |
---------------+----------------------------+-----
Shields        | 4 5 |  5.8
Armour         | 4 5 7 8 |  8.1
Fighting       | 4 5 7 8 10 | 10.3
Axes           | 3 4 5 6 7 8 |  8.6
Dodging        | 1 3 4 5 |  5.7
Invocations    | 3 |  3.1

Action                   |  1- 3 |  4- 6 |  7- 9 || total
-------------------------+-------+-------+-------++-------
Melee: War axe           |    69 |    51 |    72 ||   192
       Headbutt          |    12 |     8 |    46 ||    66
       Short sword       |       |    50 |     7 ||    57
       Flail             |       |       |    50 ||    50
       Mace              |       |       |   123 ||   123
       Trident           |       |       |    21 ||    21
  Use: Scroll            |       |     7 |     8 ||    15
Armor: Scale mail        |    31 |    39 |    33 ||   103
       Chain mail        |       |       |    81 ||    81
Dodge: Dodged            |    33 |    62 |   129 ||   224
Block: Buckler           |    15 |    22 |    85 ||   122

Table legend: (Time is in decaauts)
 A = Elapsed time spent in this place.
 B = Non-inter-level travel time spent in this place.
 C = Inter-level travel time spent in this place.
 D = Time resting spent in this place.
 E = Time spent auto-exploring this place.
 F = Levels seen in this place.
 G = Mean time per level.
                   A        B        C        D        E       F      G
               +--------+--------+--------+--------+--------+-----+--------+
         Total |   9229 |   9028 |    201 |   2214 |   5423 |  10 |  922.9 |
       Dungeon |   7824 |   7631 |    193 |   1594 |   4881 |   8 |  978.0 |
        Temple |    157 |    149 |      8 |      0 |    132 |   1 |  157.0 |
         Sewer |   1247 |   1247 |      0 |    620 |    409 |   1 | 1247.0 |
               +--------+--------+--------+--------+--------+-----+--------+

Top non-repeatable levels by time:
     D:5: 1488 daAuts
     D:6: 1446 daAuts
     D:4: 1274 daAuts
   Sewer: 1247 daAuts
     D:7: 1136 daAuts
     D:3: 1043 daAuts
     D:1: 833 daAuts
     D:2: 594 daAuts
  Temple: 157 daAuts
     D:8: 7 daAuts
